 Dungeon Crawl Stone Soup version 0.26-a0-613-g4f23886233 (webtiles) character file.

Game seed: 16092122519889431524

4592 DogServant the Fighter (level 10, -10/83 HPs)
             Began as a Formicid Fighter on Sept 11, 2020.
             Was a Priest of Cheibriados.
             Mangled by a white ugly thing (28 damage)
             ... on level 9 of the Dungeon.
             The game lasted 00:30:39 (10233 turns).

DogServant the Fighter (Formicid Fighter)          Turns: 10233, Time: 00:30:40

Health: -10/83     AC: 15    Str: 37    XL:     10   Next: 68%
Magic:  14/15      EV:  8    Int: 17    God:    Cheibriados [***...]
Gold:   498        SH: 14    Dex: 22    Spells: 9/9 levels left

rFire    . . .     SeeInvis +   M - +0 mace of the Doomed Warrior {vorpal, +Fly Dex+4} (curse)
rCold    . . .     Faith    +   c - +0 kite shield
rNeg     . . .     Spirit   .   J - +0 plate armour
rPois    .         Reflect  .   (helmet unavailable)
rElec    .         Harm     .   (no cloak)
rCorr    .                      u - +1 pair of gloves
MR       ++...                  (no boots)
Stlth    ..........             x - amulet of faith
HPRegen  0.23/turn              A - +6 ring of strength
MPRegen  0.14/turn              h - ring of protection from magic

@: very slow
A: permanent stasis, dig shafts and tunnels, four strong arms, antennae 3
a: Dig, Shaft Self, Bend Time, Temporal Distortion, Renounce Religion, Evoke
Flight


You were on level 9 of the Dungeon.
You worshipped Cheibriados.
Cheibriados was most pleased with you.
You visited 2 branches of the dungeon, and saw 10 of its levels.

You collected 498 gold pieces.

Inventory:

Hand Weapons
 G - a +1 vorpal shortbow
 M - the cursed +0 mace of the Doomed Warrior (weapon) {vorpal, +Fly Dex+4}
   (You found it on level 9 of the Dungeon)

   It inflicts extra damage upon your enemies.
   It affects your dexterity (+4).
   It lets you fly.
   It has a curse placed upon it.
Armour
 b - a +0 troll leather armour
 c - a +0 kite shield (worn)
 u - a +1 pair of gloves (worn)
 J - a +0 plate armour (worn)
Jewellery
 h - a ring of protection from magic (right hand)
 x - an amulet of faith (around neck)
 A - a +6 ring of strength (left hand)
 C - a +6 ring of dexterity {unknown}
 I - an uncursed ring of protection from cold
Wands
 g - a wand of acid (16)
 y - a wand of polymorph (7)
 D - a wand of iceblast (11)
Scrolls
 a - a scroll of teleportation {unknown}
 f - 4 scrolls of remove curse
 i - a scroll of amnesia
 n - a scroll of noise {unknown}
 p - 3 scrolls of enchant armour {unknown}
 v - a scroll of immolation {unknown}
 w - a scroll of identify
 z - a scroll of silence {unknown}
 F - a scroll of summoning {unknown}
 H - a scroll of enchant weapon {unknown}
 L - a scroll of magic mapping {unknown}
Potions
 d - 2 potions of might
 j - 3 potions of flight
 k - 3 potions of ambrosia
 l - a potion of heal wounds
 q - 6 potions of curing
 r - a potion of degeneration {unknown}
 s - a potion of lignification
 t - a potion of brilliance {unknown}
 B - a potion of magic {unknown}


   Skills:
 + Level 9.1 Fighting
   Level 2.0 Long Blades
 + Level 7.5 Maces & Flails
 + Level 7.1 Armour
 + Level 7.8 Shields
 + Level 7.5 Invocations


You had 9 spell levels left.
You didn't know any spells.
Your spell library contained the following spells:

 Spells                   Type           Power        Failure   Level
 Animate Skeleton         Necr           #.....       87%         1
 Apportation              Tloc           #.....       87%         1
 Corona                   Hex            #......      87%         1
 Summon Small Mammal      Summ           #...         87%         1


Dungeon Overview and Level Annotations

Branches:
Dungeon (9/15)             Temple (1/1) D:4
   Lair: D:8-11         Orc: D:9-12

Altars:
Ashenzari
Cheibriados
Dithmenos
Elyvilon
Fedhas
Gozag
Hepliaklqana
Kikubaaqudgha
Makhleb
Nemelex Xobeh
Okawaru
Qazlal
Ru
Sif Muna
Trog
Uskayaw
Vehumet
Wu Jian
Xom
Yredelemnul
Zin
The Shining One

Shops:
D:7 (


Innate Abilities, Weirdness & Mutations

You cannot be hasted, slowed, berserked, paralysed or teleported.
You can dig through walls and to a lower floor.
Your four strong arms can wield two-handed weapons with a shield.
You have a pair of large antennae on your head. (SInv)


Message History

The white ugly thing seems to slow down.
The white ugly thing kicks you! The white ugly thing freezes you!!
An adder comes into view.
You hit the white ugly thing but do no damage.
You block the white ugly thing's attack.
You hit the white ugly thing.
The white ugly thing is lightly wounded.
You sock the white ugly thing!
The white ugly thing is moderately wounded.
The white ugly thing kicks you! The white ugly thing freezes you!
* * * LOW HITPOINT WARNING * * *
The white ugly thing is no longer moving slowly.
You block the white ugly thing's attack.
The white ugly thing kicks you but does no damage.
You block the white ugly thing's attack.
The white ugly thing kicks you but does no damage.
The white ugly thing kicks you.
* * * LOW HITPOINT WARNING * * *
The white ugly thing freezes you!!
You die...

#.# #.# #.....####
.####.#####.# ###.####..
.##.........# #..>...#
.#....###########.###..#
#..###.##
#.............# ##.
##.###.######.####.. #.#
##.##.# ##.####.# #.#
#.##.# #....[.†. #.##
##@...# #.#####.# ##.##
##u##..# #.# #..
##.###S###..# #.# #.#
##...## #..# #.# #.#
##### #..#####.#####.#
#..............#
##.######.#####.#
#...#####.#####.#
#................


You could see a white ugly thing and an adder.

Vanquished Creatures
  Erica (D:9)
  A two-headed ogre (D:9)
  A hippogriff (D:7)
  2 orc warriors
  A sky beast (D:7)
  2 phantoms
  4 ogres
  5 centaurs
  The ghost of abdbla the Insei, an amateur OpTm (D:3)
  A gnoll sergeant (D:6)
  3 bullfrogs
  A wyvern zombie (D:9)
  2 scorpions
  3 killer bees (D:8)
  3 wights (D:8)
  A centaur zombie (D:7)
  A quasit (D:9)
  2 jellies
  Crazy Yiuf (D:6)
  2 hounds
  3 orc priests
  3 orc wizards
  2 bullfrog skeletons
  2 centaur skeletons
  An iguana (D:6)
  10 worker ants
  A hound zombie (D:7)
  Robin (D:2)
  2 worker ant zombies
  A howler monkey zombie (D:8)
  11 gnolls
  8 adders
  A shadow imp (D:7)
  2 white imps
  An ufetubus (D:8)
  2 oozes
  An adder skeleton (D:4)
  An adder zombie (D:6)
  2 worms
  4 dart slugs
  9 leopard geckos
  25 orcs
  3 giant cockroaches
  20 hobgoblins
  3 quokkas
  3 ball pythons
  7 bats
  4 frilled lizards
  16 goblins
  13 kobolds
  A leopard gecko skeleton (D:5)
  A quokka skeleton (D:8)
  3 rats
205 creatures vanquished.

Vanquished Creatures (others)
  A kobold (D:3)
  2 plants (D:3)
3 creatures vanquished.

Grand Total: 208 creatures vanquished

Notes
Turn   | Place    | Note
-------+----------+-------------------------------------------
     0 | D:1      | DogServant the Formicid Fighter began the quest for the
                  | Orb.
     0 | D:1      | Reached XP level 1. HP: 18/18 MP: 1/1
    90 | D:1      | Reached XP level 2. HP: 21/24 MP: 2/2
    91 | D:1      | Reached skill level 1 in Maces & Flails
   209 | D:1      | Reached XP level 3. HP: 30/30 MP: 3/3
   327 | D:1      | Reached skill level 4 in Fighting
   957 | D:2      | Noticed Robin
   991 | D:2      | Reached XP level 4. HP: 22/37 MP: 4/4
  1022 | D:2      | Killed Robin
  1322 | D:2      | Found a shimmering blue altar of Sif Muna.
  1602 | D:2      | Reached XP level 5. HP: 43/43 MP: 5/5
  1819 | D:2      | You fall into a shaft and drop 2 floors!
  1936 | D:4      | Reached skill level 5 in Fighting
  2004 | D:4      | Found a staircase to the Ecumenical Temple.
  2009 | Temple   | Entered the Ecumenical Temple
  2179 | Temple   | Became a worshipper of Cheibriados the Contemplative
  2231 | D:4      | Found a shattered altar of Ashenzari.
  2283 | D:4      | Reached XP level 6. HP: 51/51 MP: 6/6
  2447 | D:4      | Noticed a phantom
  2478 | D:4      | Killed a phantom
  2478 | D:4      | Reached skill level 1 in Invocations
  2989 | D:5      | Entered Level 5 of the Dungeon
  3050 | D:3      | Reached XP level 7. HP: 29/57 MP: 4/8
  3234 | D:3      | Reached skill level 6 in Fighting
  3529 | D:3      | Reached * piety under Cheibriados
  3796 | D:3      | Found a runed translucent gate.
  3798 | D:3      | Found a runed translucent gate.
  3798 | D:3      | Noticed abdbla's ghost (amateur OpTm)
  3800 | D:3      | Found a runed translucent gate.
  3815 | D:3      | Killed abdbla's ghost
  4439 | D:5      | Reached skill level 5 in Maces & Flails
  4439 | D:5      | Reached XP level 8. HP: 58/65 MP: 10/10
  5467 | D:6      | Reached ** piety under Cheibriados
  5567 | D:6      | Reached skill level 7 in Fighting
  5941 | D:6      | Found a glowing silver altar of Zin.
  5956 | D:6      | Found a white marble altar of Elyvilon.
  5957 | D:6      | Found a glowing golden altar of the Shining One.
  6014 | D:6      | Found a runed translucent door.
  6015 | D:6      | Noticed Crazy Yiuf
  6021 | D:6      | Killed Crazy Yiuf
  6239 | D:6      | Reached skill level 5 in Shields
  6323 | D:7      | Noticed a hippogriff
  6337 | D:7      | Killed a hippogriff
  6337 | D:7      | Reached skill level 5 in Invocations
  6337 | D:7      | Reached XP level 9. HP: 31/72 MP: 12/12
  7278 | D:7      | Found Liuho's Antique Weapon Emporium.
  7295 | D:7      | Reached skill level 5 in Armour
  7674 | D:7      | Found a hazy altar of Hepliaklqana.
  7681 | D:7      | Found a hide-covered altar of Uskayaw.
  7684 | D:7      | Found an iron altar of Okawaru.
  7828 | D:7      | Reached *** piety under Cheibriados
  8137 | D:8      | Reached skill level 8 in Fighting
  8958 | D:8      | Reached XP level 10. HP: 81/81 MP: 14/14
  9119 | D:8      | Reached **** piety under Cheibriados
  9468 | D:9      | Noticed Erica
  9487 | D:9      | Killed Erica
  9786 | D:9      | Got a fine mace
  9787 | D:9      | Identified the cursed +0 mace of the Doomed Warrior
                  | {vorpal, +Fly Dex+4} (You found it on level 9 of the
                  | Dungeon)
  9796 | D:9      | Noticed a two-headed ogre
  9806 | D:9      | Killed a two-headed ogre
  9806 | D:9      | Reached skill level 9 in Fighting
 10221 | D:9      | Noticed a white ugly thing
 10233 | D:9      | Mangled by a white ugly thing

Illustrated notes

Levels and vault maps discovered:
D:1:      wander_arrival_peaceful_grave, layout_basic, serial_bayou_pond_e,
          grunt_decor_mini_mirrors, nrook_campfire
D:2:      layout_loops_ring, lemuel_doored_altar, minmay_puff, uniq_robin
D:3:      layout_loops_ring, gammafunk_ghost_nasty_kobolds
D:4:      layout_basic, lemuel_coloured_pillars_altar,
          minmay_temple_entry_arrows
D:5:      layout_loops_ring
D:6:      layout_cave_pools, good_gods_temple_1, abandoned_shop,
          grunt_ministairs_5, uniq_crazy_yiuf_cottage
D:7:      layout_loops_ring, grunt_temple_overflow_diamond, serial_shops,
          nicolae_shop_crystal, kennysheep_generic_room_13
D:8:      layout_cave_pods
D:9:      layout_loops_ring, trog_wizard, uniq_erica
Temple:   nicolae_temple_great_sept

Skill      XL: |  1  2  3  4  5  6  7  8  9 10 |
---------------+-------------------------------+-----
Maces & Flails | 1 2 3 4 5 6 7 |  7.5
Fighting       | 4 5 6 7 8 9 |  9.1
Invocations    | 1 3 5 6 7 |  7.5
Shields        | 5 6 7 |  7.8
Armour         | 4 6 7 |  7.1
Long Blades    | |  2.0

Action                   |  1- 3 |  4- 6 |  7- 9 | 10-12 || total
-------------------------+-------+-------+-------+-------++-------
Melee: Whip              |   104 |   124 |   405 |    65 ||   698
       Mace              |       |       |       |    20 ||    20
Invok: Bend Time         |       |     2 |     5 |     2 ||     9
       Slouch            |       |       |       |     2 ||     2
  Use: Scroll            |       |       |     9 |     5 ||    14
       Potion            |       |       |     1 |       ||     1
Armor: Scale mail        |    55 |    32 |    93 |       ||   180
       Skin              |       |       |    41 |       ||    41
       Chain mail        |       |       |    31 |     5 ||    36
       Plate armour      |       |       |       |    31 ||    31
Dodge: Dodged            |    40 |    33 |   113 |    11 ||   197
Block: Kite shield       |    68 |    57 |   210 |    39 ||   374

Table legend: (Time is in decaauts)
 A = Elapsed time spent in this place.
 B = Non-inter-level travel time spent in this place.
 C = Inter-level travel time spent in this place.
 D = Time resting spent in this place.
 E = Time spent auto-exploring this place.
 F = Levels seen in this place.
 G = Mean time per level.
                   A        B        C        D        E       F      G
               +--------+--------+--------+--------+--------+-----+--------+
         Total |  12465 |  11359 |   1106 |   1060 |   8163 |  10 | 1246.5 |
       Dungeon |  12282 |  11176 |   1106 |   1060 |   8133 |   9 | 1364.7 |
        Temple |    183 |    183 |      0 |      0 |     30 |   1 |  183.0 |
               +--------+--------+--------+--------+--------+-----+--------+

Top non-repeatable levels by time:
     D:8: 1644 daAuts
     D:7: 1582 daAuts
     D:3: 1540 daAuts
     D:2: 1418 daAuts
     D:6: 1410 daAuts
     D:9: 1311 daAuts
     D:4: 1311 daAuts
     D:5: 1177 daAuts
     D:1: 886 daAuts
  Temple: 183 daAuts
